 Dungeon Crawl Stone Soup version 0.31-a0-217-g58bb5d79cf (webtiles) character file.

Game seed: 4069598931246876359

8648 innerfire43 the Fighter (level 11, -2/95 HPs)
             Began as a Demonspawn Monk on July 2, 2023.
             Was the Champion of Cheibriados.
             Slain by a ten-headed hydra (12 damage)
             ... on level 10 of the Dungeon.
             The game lasted 00:12:26 (9596 turns).

innerfire43 the Fighter (Demonspawn Monk)           Turns: 9596, Time: 00:12:27

Health: -2/95      AC:  9    Str: 34    XL:     11   Next: 12%
Magic:  11/11      EV: 16    Int: 26    God:    Cheibriados [******]
Gold:   370        SH:  0    Dex: 30    Spells: 10/10 levels left

rFire   . . .        a - +1 hand axe (venom)
rCold   . . .        g - +3 buckler
rNeg    . . .        q - +0 scale mail
rPois   .            (helmet restricted)
rElec   .            (no cloak)
rCorr   +            p - +0 pair of gloves
SInv    .            (no boots)
Will    .....        (no amulet) Stlth
                     h - ring of wizardry
HPRegen 0.35/turn    B - ring of resist corrosion
MPRegen 0.12/turn

%: wizardry (x1)
@: confused, ambrosia-drunk, very slow
A: antennae 2, ignite blood 1, spiny 2, sharp scales 2, strong 1, MP-powered
wands, sturdy frame 1
a: Renounce Religion, Bend Time, Temporal Distortion, Slouch, Step From Time


You were on level 10 of the Dungeon.
You worshipped Cheibriados.
Cheibriados was exalted by your worship.
You visited 1 branch of the dungeon, and saw 10 of its levels.
You also visited: Sewer.

You collected 460 gold pieces.
You spent 90 gold pieces at shops.

Inventory:

Hand Weapons
 a - a +1 hand axe of venom (weapon)
 v - a +4 spear
 D - a +2 orcbow of flaming
Missiles
 o - a throwing net
Armour
 b - a +0 robe
 d - an orb of light
 g - a +3 buckler (worn)
 p - a +0 pair of gloves (worn)
 q - a +0 scale mail (worn)
Jewellery
 h - a ring of wizardry (left hand)
 B - a ring of resist corrosion (right hand)
Wands
 t - a wand of flame (24)
 u - a wand of paralysis (5)
 A - a wand of digging (2)
 E - a wand of roots (12)
Scrolls
 f - 2 scrolls of blinking
 r - 3 scrolls of fog
 s - a scroll of revelation
 w - a scroll of fear
 y - a scroll of silence
 z - a scroll of immolation
 G - a scroll of amnesia
Potions
 e - a potion of mutation
 i - 3 potions of enlightenment
 j - a potion of curing
 k - a potion of experience {unknown}
 l - 2 potions of invisibility {unknown}
 m - 5 potions of heal wounds {unknown}
 n - a potion of degeneration {unknown}
 x - a potion of attraction {unknown}
 C - a potion of brilliance {unknown}
 F - a potion of resistance {unknown}
Miscellaneous
 H - a piece from Xom's chessboard (15/15)


   Skills:
 * Level 11.8 Fighting
 + Level 7.9 Axes
 - Level 5.0 Dodging
 * Level 8.4 Shields


You had 10 spell levels left.
You didn't know any spells.
Your spell library contained the following spells:

 Spells                   Type           Power      Damage    Failure   Level
 Blink                    Tloc           0%         N/A       13%         2
 Lesser Beckoning         Tloc           0%         N/A       13%         2
 Momentum Strike          Conj/Tloc      0%         3d8       13%         2


Dungeon Overview and Level Annotations

Branches:
Dungeon (10/15)            Temple (0/1) D:5            Lair (0/5) D:9
    Orc (0/2) D:9           Sewer (visited)

Altars:
Cheibriados
Fedhas
Gozag
Qazlal
Ru
Sif Muna
Trog
Uskayaw
Xom

Shops:
D:4 ?   D:7 !=:?   D:8 :


Innate Abilities, Weirdness & Mutations

You have a pair of antennae on your head.
Your demonic aura sometimes causes spilled blood to erupt in flames.
You are mostly covered in sharp spines.
You are mostly covered in razor-sharp scales. (AC +2, Slay +2)
Your muscles are strong. (Str +4, Int/Dex -1)
You expend magic power (3 MP) to strengthen your wands.
Your movements are slightly less encumbered by armour. (ER -2)


Message History

Reactivating autopickup.
You feel a bit more experienced.
An eight-headed hydra comes into view.
An eight-headed hydra is nearby!
The eight-headed hydra roars!
A troll comes into view.
There are monsters nearby!
A centaur comes into view.
There are monsters nearby!
The troll shouts!
You lop one of the eight-headed hydra's heads off!
The seven-headed hydra grows two more!
You slash the nine-headed hydra!
The nine-headed hydra is moderately wounded.
You block the nine-headed hydra's attack.
The nine-headed hydra barely misses you.
You block the nine-headed hydra's attack.
The nine-headed hydra completely misses you.
You block the nine-headed hydra's attack.
The nine-headed hydra barely misses you.
The nine-headed hydra bites you! The nine-headed hydra bites you. x2
You lop one of the nine-headed hydra's heads off!
The eight-headed hydra grows two more!
You slash the ten-headed hydra!
The ten-headed hydra is lightly wounded.
The ten-headed hydra closely misses you.
The ten-headed hydra bites you! x2; The ten-headed hydra misses you.
The ten-headed hydra bites you!
* * * LOW HITPOINT WARNING * * *
The ten-headed hydra closely misses you.
The ten-headed hydra bites you!
* * * LOW HITPOINT WARNING * * *
The ten-headed hydra closely misses you.
The ten-headed hydra bites you but does no damage.
You block the ten-headed hydra's attack.
You are confused.
You feel invigorated. The ten-headed hydra bites you.
* * * LOW HITPOINT WARNING * * *
The ten-headed hydra bites you.
* * * LOW HITPOINT WARNING * * *
The ten-headed hydra bites you!
You die...

........ ........
....)... ......### {
.....?.# ###
##+..#.##..# #
#......#...# #
###'#....○## #
#......#.#@# #####
#......#..#D....#
....###..†...#..##...#.#
###...#.....#.#.. .T#.#
# ###.'..>..#..### #.#[.
# ###.......## #.# #
#.$...#.# .# #
####'.##.# # # #.......


You could see a ten-headed hydra and a troll.

Vanquished Creatures
  A two-headed ogre (D:9)
  A manticore (D:9)
  An unseen horror (D:10)
  A troll (D:8)
  A hornet (D:8)
  Prince Ribbit (D:6)
  A shadow (D:10)
  2 basilisks (D:9)
  8 yaks
  4 wyverns
  2 steam dragons
  Menkaure (D:4)
  A warg (D:9)
  5 water moccasins
  2 ice beasts (D:7)
  A black bear (D:6)
  3 orc warriors
  An ogre (D:6)
  A sky beast (D:6)
  3 centaurs
  A phantom (D:6)
  4 kobold brigands
  4 scorpions
  2 bullfrogs
  A gnoll sergeant (D:4)
  A wight (D:9)
  17 killer bees
  A howler monkey (D:6)
  3 hounds
  A jelly (D:6)
  4 orc priests
  4 sleepcaps (D:6)
  4 iguanas
  12 orc wizards
  A mummy (D:8)
  4 gnolls
  7 adders
  3 river rats
  A shadow imp (D:8)
  3 white imps (D:5)
  2 ufetubi
  4 dart slugs
  28 orcs
  8 endoplasms
  6 giant cockroaches
  11 goblins
  10 hobgoblins
  12 jackals
  12 kobolds
  4 quokkas
  11 ball pythons
  4 bats
  4 frilled lizards
  16 rats
  A butterfly (D:9)
252 creatures vanquished.

Notes
Turn   | Place    | Note
-------+----------+-------------------------------------------
     0 | D:1      | innerfire43 the Demonspawn Monk began the quest for the
                  | Orb.
     0 | D:1      | Reached XP level 1. HP: 18/18 MP: 1/1
    84 | D:1      | Gained mutation: Your demonic aura sometimes causes spilled
                  | blood to erupt in flames. [demonic ancestry]
    84 | D:1      | Reached XP level 2. HP: 21/24 MP: 2/2
   233 | D:1      | Gained mutation: You are partially covered in razor-sharp
                  | scales. (AC +1, Slay +1) [demonic ancestry]
   233 | D:1      | Reached XP level 3. HP: 29/29 MP: 3/3
   855 | D:2      | Found a shimmering altar of Xom.
  1037 | D:2      | Reached skill level 4 in Fighting
  1037 | D:2      | Gained mutation: You are partially covered in sharp spines.
                  | [demonic ancestry]
  1037 | D:2      | Reached XP level 4. HP: 34/37 MP: 4/4
  1829 | D:2      | Found a faded altar of an unknown god.
  2012 | D:2      | Prayed at the altar of an unknown god.
  2012 | D:2      | Became a worshipper of Cheibriados the Contemplative
  2012 | D:2      | Reached * piety under Cheibriados
  2012 | D:2      | Reached ** piety under Cheibriados
  2224 | D:3      | Reached *** piety under Cheibriados
  2259 | D:3      | Reached XP level 5. HP: 19/43 MP: 5/5
  2490 | D:3      | Found a glowing drain.
  2606 | Sewer    | Entered a sewer
  2715 | Sewer    | Reached skill level 5 in Fighting
  2716 | Sewer    | Reached XP level 6. HP: 11/51 MP: 6/6
  3066 | D:3      | Identified the +1 leather armour "Vexoclux" {Str+4 Int+2}
  3133 | D:3      | Reached **** piety under Cheibriados
  3767 | D:4      | Found Plog's Magic Scroll Emporium.
  3782 | D:4      | Bought a scroll of enchant weapon for 90 gold pieces
  3789 | D:4      | Noticed Menkaure
  3795 | D:4      | Reached skill level 6 in Fighting
  3799 | D:4      | Reached XP level 7. HP: 11/58 MP: 7/7
  3799 | D:4      | Killed Menkaure
  4325 | D:5      | Entered Level 5 of the Dungeon
  4415 | D:5      | Reached skill level 7 in Fighting
  4564 | D:5      | Reached ***** piety under Cheibriados
  4565 | D:5      | Reached skill level 5 in Axes
  4720 | D:5      | Reached skill level 5 in Dodging
  4720 | D:5      | Gained mutation: You have a pair of small antennae on your
                  | head. [demonic ancestry]
  4720 | D:5      | Reached XP level 8. HP: 57/67 MP: 8/8
  4765 | D:5      | Found a staircase to the Ecumenical Temple.
  5128 | D:6      | Reached skill level 1 in Shields
  5417 | D:6      | Reached skill level 8 in Fighting
  5462 | D:6      | Noticed Prince Ribbit
  5473 | D:6      | Killed Prince Ribbit
  5505 | D:6      | Gained mutation: You are mostly covered in sharp spines.
                  | [demonic ancestry]
  5505 | D:6      | Reached XP level 9. HP: 35/75 MP: 9/9
  5888 | D:6      | Identified the +8 spear "Dexkois" {venom, Contam Str+2
                  | Dex+3}
  6109 | D:7      | Reached skill level 9 in Fighting
  6220 | D:7      | Found Zijifuru's Jewellery Shop.
  6736 | D:7      | Found a bloodstained altar of Trog.
  6736 | D:7      | Found a stormy altar of Qazlal.
  6792 | D:7      | Found Fosh's Distillery.
  6930 | D:7      | Reached skill level 5 in Shields
  6948 | D:7      | Found Linonito's Book Shoppe.
  7056 | D:7      | Found Puciah's Magic Scroll Emporium.
  7271 | D:8      | Noticed a troll
  7278 | D:8      | Killed a troll
  7279 | D:8      | Reached skill level 10 in Fighting
  7497 | D:8      | Found a snail-covered altar of Cheibriados.
  7861 | D:8      | Found Cuimog's Tiny Tomes.
  7943 | D:9      | Found a shimmering blue altar of Sif Muna.
  7944 | D:9      | Found a hide-covered altar of Uskayaw.
  7944 | D:9      | Found a sacrificial altar of Ru.
  7945 | D:9      | Found an opulent altar of Gozag.
  7945 | D:9      | Found a blossoming altar of Fedhas.
  7972 | D:9      | Gained mutation: You have a pair of antennae on your head.
                  | [demonic ancestry]
  7972 | D:9      | Reached XP level 10. HP: 72/85 MP: 10/10
  8093 | D:9      | Reached ****** piety under Cheibriados
  8189 | D:9      | Found a staircase to the Lair.
  8207 | D:9      | Noticed a manticore
  8208 | D:9      | Noticed a two-headed ogre
  8218 | D:9      | Killed a two-headed ogre
  8219 | D:9      | Reached skill level 11 in Fighting
  8219 | D:9      | HP: 2/87 [manticore (7)]
  8223 | D:9      | Killed a manticore
  8503 | D:9      | Found a staircase to the Orcish Mines.
  8955 | D:9      | Gained mutation: You are mostly covered in razor-sharp
                  | scales. (AC +2, Slay +2) [demonic ancestry]
  8955 | D:9      | Reached XP level 11. HP: 75/94 MP: 11/11
  9045 | D:9      | Found a shimmering altar of Xom.
  9423 | D:10     | Entered Level 10 of the Dungeon
  9496 | D:10     | Gained mutation: Your flesh is cold resistant. (rC+)
                  | [potion of mutation]
  9497 | D:10     | Lost mutation: Your flesh is cold resistant. (rC+) [potion
                  | of mutation]
  9497 | D:10     | Gained mutation: Your muscles are strong. (Str +4, Int/Dex
                  | -1) [potion of mutation]
  9497 | D:10     | Gained mutation: You expend magic power (3 MP) to
                  | strengthen your wands. [potion of mutation]
  9497 | D:10     | Gained mutation: Your movements are slightly less
                  | encumbered by armour. (ER -2) [potion of mutation]
  9590 | D:10     | Noticed an eight-headed hydra
  9596 | D:10     | Slain by a ten-headed hydra

Illustrated notes

Levels and vault maps discovered:
D:1:      giann_horns, layout_loops_ring, nrook_mini_backslash,
          roderic_serpentine_path
D:2:      layout_basic, basic_altar, shapermc_ecumenical_altar_mp_vishouse,
          kennysheep_generic_room_3
D:3:      layout_loops_corners, mainiacjoe_overflow_boulevard,
          portal_sewer_entry_a
D:4:      layout_rooms, serial_shops, nicolae_shop_gibbet_a_chance,
          uniq_menkaure
D:5:      layout_loops_ring, minmay_temple_entry_enclosed_plants
D:6:      layout_loops_cross, minmay_misc_feat_doors, kennysheep_doodads,
          uniq_prince_ribbit1
D:7:      minmay_flawed_box, layout_loops_ring, gammafunk_temple_overflow_wave,
          serial_shops, nicolae_shop_gaudy_bauble, nicolae_shop_peninsula,
          nicolae_shop_rolled_up, nicolae_shop_industrial_runoff, enter_bailey_5
D:8:      layout_rooms, slow_altar_1, nicolae_shop_i_like_small_books_too
D:9:      layout_roguey, grunt_temple_overflow_open, xom_butterflies,
          minmay_lair_entry_grove, erik_orc_3, minmay_holes, minivault_23
D:10:     layout_roguey, mainiacjoe_overflow_concentric_impassable,
          gammafunk_ghost_berserking_beasts, minmay_shattered_shrine

Skill      XL: |  1  2  3  4  5  6  7  8  9 10 |
---------------+-------------------------------+-----
Dodging        | 3 4 5 |  5.0
Axes           | 3 4 5 6 7 |  7.9
Fighting       | 4 5 6 7 8 10 11 | 11.8
Shields        | 3 6 8 |  8.4

Action                     |  1- 3 |  4- 6 |  7- 9 | 10-12 || total
---------------------------+-------+-------+-------+-------++-------
  Melee: Hand axe          |    94 |    97 |   215 |   114 ||   520
    Use: Scroll            |       |    10 |     7 |     1 ||    18
         Potion            |       |     2 |     2 |     6 ||    10
   Stab: Sleeping          |       |     1 |       |       ||     1
 Armour: Robe              |    25 |     9 |       |       ||    34
         Scale mail        |       |     3 |    62 |    26 ||    91
  Dodge: Dodged            |    70 |    57 |   165 |    70 ||   362
  Block: Buckler           |       |    13 |    87 |    80 ||   180

Table legend: (Time is in decaauts)
 A = Elapsed time spent in this place.
 B = Non-inter-level travel time spent in this place.
 C = Inter-level travel time spent in this place.
 D = Time resting spent in this place.
 E = Time spent auto-exploring this place.
 F = Levels seen in this place.
 G = Mean time per level.
                   A        B        C        D        E       F      G
               +--------+--------+--------+--------+--------+-----+--------+
         Total |  13453 |  12593 |    860 |      0 |  10975 |  11 | 1223.0 |
       Dungeon |  13049 |  12189 |    860 |      0 |  10631 |  10 | 1304.9 |
         Sewer |    404 |    404 |      0 |      0 |    343 |   1 |  404.0 |
               +--------+--------+--------+--------+--------+-----+--------+

Top non-repeatable levels by time:
     D:9: 2219 daAuts
     D:3: 1749 daAuts
     D:7: 1710 daAuts
     D:6: 1488 daAuts
     D:2: 1288 daAuts
     D:8: 1202 daAuts
     D:5: 1187 daAuts
     D:4: 1109 daAuts
     D:1: 853 daAuts
   Sewer: 404 daAuts
    D:10: 238 daAuts
